 Dungeon Crawl Stone Soup version 0.32-a0-928-g1cae6b7ea0 (webtiles) character file.

Game seed: 6767268671171859739

1929 ezpacito the Trooper (level 9, -1/68 HPs)
             Began as a Coglin Chaos Knight on Apr 13, 2024.
             Was a Plaything of Xom.
             Succumbed to a water moccasin's poison
             ... on level 6 of the Dungeon.
             The game lasted 00:08:12 (5303 turns).

ezpacito the Trooper (Coglin Chaos Knight)          Turns: 5303, Time: 00:08:13

Health: -1/68      AC: 11    Str: 16    XL:     9   Next: 17%
Magic:  12/12      EV:  7    Int: 12    God:    Xom [..*...]
Gold:   291        SH:  0    Dex: 14    Spells: 5/12 levels left

rFire   . . .        a - +0 hand axe (chaos) {Eshargamelat}
rCold   . . .        q - +2 trident {Tlaloc}
rNeg    . . .        p - +1 chain mail
rPois   .            (helmet restricted)
rElec   .            o - scarf {repulsion}
rCorr   .            (no gloves)
SInv    .            n - +0 pair of boots
Will    +....        (amulet unavailable) Stlth
                     (ring unavailable)
HPRegen 1.11/turn    (ring unavailable)
MPRegen 0.13/turn    (no gizmo)

%: repel missiles
@: mighty, lethally poisoned (-1 -> -7), revved
A: off-hand wielding, slow wielding, warmup strikes, no jewellery, horns 2,
strong-willed 1, mutation resistance 1, regeneration 1, wild magic 1
a: Invent Gizmo, Renounce Religion


You were on level 6 of the Dungeon.
You worshipped Xom.
You were a toy of Xom.
You visited 2 branches of the dungeon, and saw 7 of its levels.
You also visited: Sewer.

You collected 447 gold pieces.
You spent 156 gold pieces at shops.

Inventory:

Hand Weapons
 a - a +0 hand axe of chaos (weapon) {Eshargamelat}
 e - a +1 broad axe of flaming
 h - a +0 war axe
 q - a +2 trident (offhand) {Tlaloc}
Missiles
 m - 7 poisoned darts
 r - 6 curare-tipped darts
 z - 14 boomerangs (quivered)
Armour
 b - a +0 troll leather armour {Pargi}
 n - a +0 pair of boots (worn)
 o - a scarf of repulsion (worn)
 p - a +1 chain mail (worn)
 s - a +0 helmet
Scrolls
 c - a scroll of enchant weapon
 f - a scroll of torment
 i - a scroll of identify
 k - 3 scrolls of poison
 t - 2 scrolls of teleportation
 w - a scroll of blinking {unknown}
 x - a scroll of summoning
Potions
 d - 5 potions of brilliance
 u - 2 potions of magic
 v - 2 potions of attraction


   Skills:
 * Level 5.3 Fighting
 * Level 5.1(5.8) Axes
 * Level 3.6(4.7) Polearms
 * Level 4.2 Armour
 * Level 3.7 Dodging
 + Level 2.3 Stealth
 + Level 1.5 Unarmed Combat
 + Level 2.1 Spellcasting
 + Level 1.5 Conjurations
 + Level 1.8 Necromancy
 + Level 2.7 Alchemy
 + Level 2.3 Evocations


You had 5 spell levels left.
You knew the following spells:

 Your Spells              Type           Power      Damage    Failure   Level
x - Mephitic Cloud        Conj/Alch/Air  6%         N/A       99%         3
A - Animate Dead          Necr           7%         N/A       100%        4

Your spell library contained the following spells:

 Spells                   Type           Power      Damage    Failure   Level
 Sting                    Conj/Alch      32%        1d5       83%         1
 Mercury Vapours          Alch/Air       10%        N/A       97%         2
 Dazzling Flash           Conj/Hex       8%         N/A       100%        3
 Olgreb's Toxic Radiance  Alch           10%        N/A       100%        4
 Curse of Agony           Necr           7%         N/A       100%        5
 Silence                  Hex/Air        0%         N/A       100%        5
 Sculpt Simulacrum        Ice/Alch       2%         N/A       100%        6
 Haunt                    Necr/Summ      2%         N/A       100%        7
 Ozocubu's Refrigeration  Ice            0%         4d7       100%        7
 Infestation              Necr           3%         N/A       100%        8
 Polar Vortex             Ice            0%         N/A       100%        9


Dungeon Overview and Level Annotations

Branches:
Dungeon (6/15)             Temple (1/1) D:5           Sewer (visited)

Altars:
Ashenzari
Cheibriados
Dithmenos
Elyvilon
Fedhas
Gozag
Hepliaklqana
Kikubaaqudgha
Makhleb
Nemelex Xobeh
Okawaru
Qazlal
Ru
Sif Muna
Trog
Uskayaw
Vehumet
Wu Jian
Xom
Yredelemnul
Zin
The Shining One

Shops:
D:1 :   D:5 (


Innate Abilities, Weirdness & Mutations

You can wield a second weapon in your off-hand.
It takes a long time for you to wield or remove held weapons.
Your first few attacks do less damage.
You cannot equip rings or amulets.
You have a pair of horns on your head.
You are strong-willed. (Will+)
You are somewhat resistant to further mutation.
Your natural rate of healing is unusually fast.
Your spells are a little harder to cast, but a little more powerful.


Message History

You hit the water moccasin but do no damage.
You feel sick. The water moccasin bites you.
* * * LOW HITPOINT WARNING * * *
You are more poisoned.
The water moccasin poisons you!
You take 2 damage, and have 18/68 hp.
You hit the water moccasin with your +2 trident.
The water moccasin is almost dead.
You closely miss the water moccasin with your +0 hand axe of chaos.
You feel very sick.
The water moccasin bites you but does no damage.
The water moccasin bites you.
* * * LOW HITPOINT WARNING * * *
You are lethally poisoned!
The water moccasin poisons you!
You take 9 damage, and have 9/68 hp.
You hit the water moccasin but do no damage.
The water moccasin is almost dead.
You completely miss the water moccasin with your +0 hand axe of chaos.
* * * LOW HITPOINT WARNING * * *
You feel very sick.
The water moccasin bites you but does no damage.
You take 4 damage, and have 5/68 hp.
It was a potion of might.
You feel very mighty all of a sudden.
Xom roars with laughter!
* * * LOW HITPOINT WARNING * * *
You feel very sick.
The water moccasin bites you but does no damage.
The water moccasin barely misses you.
You take 3 damage, and have 2/68 hp.
Okay, then.
Okay, then.
Okay, then.
As you read the scroll of fear, it crumbles to dust.
You assume a fearsome visage.
The adder looks frightened!
The killer bee looks frightened! x3; The hound looks frightened!
The water moccasin looks frightened!
You die...
Xom thinks this is hilarious!

**,..,**##..* ,* ,*
** * * .#. ..#* ,*
* *,* ,,,,
,,....,,#.. ,**
*,*,*
,,,,,,,,*#..##.##**
*,,,*
,,,,,,,***#....y#
*#..** ,,,,,,**
*#y†yh## **..,*
,,,,,*****#..##Sy#
*..*,* ,,,,,*
*....**##S###.**,*
,,,,<**#.##**
#@#..,**.#
,,,,,**.,*
#.#.#***.#
,,,,,*,,** ##.#.#
*.# ,**,,,,*****
#....# #.#
,,,,*,,,,,,* #.#.##
#.# ,,,,,,***,**
#.#.### #.#
,,,,,,,,,,*
#.#(..###.#
***,*******
#.###.....# *,,,*
#.* ####..#


You could see a water moccasin (fleeing), a hound (fleeing), 3 killer bees and
an adder (fleeing).

Vanquished Creatures
  The ghost of ooooo the Conjurer, a novice OpCj of Gozag (D:5)
  Grinder (D:4)
  Pargi (Sewer)
  An ice beast (D:5)
  A kobold brigand (D:4)
  A bullfrog (D:5)
  A scorpion (D:3)
  3 wights
  2 killer bees (D:6)
  A ballistomycete (D:4)
  2 howler monkeys (D:4)
  A bombardier beetle (D:5)
  2 jellies (D:5)
  2 orc priests
  3 hounds
  2 iguanas (D:5)
  A sleepcap (D:4)
  An orc wizard (D:5)
  4 adders
  15 gnolls
  2 river rats (D:5)
  2 ufetubi (D:5)
  2 dart slugs (D:1)
  24 orcs
  7 endoplasms
  5 giant cockroaches
  8 goblins
  2 hobgoblins
  27 jackals
  2 quokkas
  4 ball pythons
  A bat (D:3)
  15 frilled lizards
  7 kobolds
  7 rats
161 creatures vanquished.

Vanquished Creatures (others)
  A hound (D:4)
  A ballistomycete spore (D:4)
2 creatures vanquished.

Grand Total: 163 creatures vanquished

Notes
Turn   | Place    | Note
-------+----------+-------------------------------------------
     0 | D:1      | ezpacito the Coglin Chaos Knight began the quest for the
                  | Orb.
     0 | D:1      | Reached XP level 1. HP: 18/18 MP: 1/1
    15 | D:1      | Reached skill level 1 in Dodging
    15 | D:1      | XOM: silly message
    91 | D:1      | Reached XP level 2. HP: 18/24 MP: 2/2
   291 | D:1      | Reached XP level 3. HP: 29/29 MP: 3/3
   562 | D:1      | Found Bumubergh's Vocational Training.
  1181 | D:2      | XOM: noise
  1291 | D:2      | XOM: god gift: book of the Senses
  1359 | D:2      | XOM: silly message
  1382 | D:2      | Learned a level 3 spell: Mephitic Cloud
  1661 | D:3      | Reached XP level 4. HP: 35/35 MP: 5/5
  1733 | D:3      | XOM: polymorph bat -> quokka
  1844 | D:3      | Reached skill level 1 in Polearms
  1952 | D:3      | XOM: cast spell 'Dispersal'
  2049 | D:3      | Noticed a scorpion
  2059 | D:3      | XOM: noise
  2073 | D:3      | Killed a scorpion
  2074 | D:3      | Reached skill level 1 in Spellcasting
  2074 | D:3      | Reached XP level 5. HP: 39/41 MP: 6/6
  2383 | D:4      | Reached skill level 1 in Stealth
  2419 | D:4      | Noticed Grinder
  2420 | D:4      | XOM: cast spell 'Alistair's Intoxication'
  2422 | D:4      | XOM: scenery: create altars
  2423 | D:4      | XOM: blink monster(s)
  2435 | D:4      | Killed Grinder
  2436 | D:4      | Reached skill level 1 in Alchemy
  2436 | D:4      | Reached XP level 6. HP: 40/48 MP: 7/7
  2470 | D:4      | Learned a level 4 spell: Animate Dead
  2476 | D:4      | Found a radiant altar of Vehumet.
  2571 | D:4      | XOM: confusion (+ monsters)
  2575 | D:4      | Reached XP level 7. HP: 49/54 MP: 7/9
  2579 | D:4      | XOM: smoke on damage
  2659 | D:4      | Noticed a +0 dagger
  2659 | D:4      | Noticed a +0 short sword
  2659 | D:4      | Noticed a +0 spear
  2660 | D:4      | Noticed a +0 short sword
  2661 | D:4      | Noticed a +0 falchion
  2662 | D:4      | Noticed a +0 falchion
  2663 | D:4      | Noticed a +0 spear
  2664 | D:4      | Found a hide-covered altar of Uskayaw.
  2664 | D:4      | Noticed a +0 dagger
  2930 | D:4      | XOM: give mutation
  2930 | D:4      | Gained mutation: You have a pair of small horns on your
                  | head. [Xom's mischief]
  3382 | D:4      | XOM: noise
  3690 | D:4      | XOM: give mutations
  3690 | D:4      | Gained mutation: You have a pair of horns on your head.
                  | [Xom's grace]
  3690 | D:4      | Gained mutation: Your natural rate of healing is unusually
                  | fast. [Xom's grace]
  3690 | D:4      | Gained mutation: You are somewhat resistant to further
                  | mutation. [Xom's grace]
  3728 | D:4      | XOM: give mutations
  3728 | D:4      | Gained mutation: Your spells are a little harder to cast,
                  | but a little more powerful. [Xom's grace]
  3728 | D:4      | Gained mutation: You are strong-willed. (Will+) [Xom's
                  | grace]
  3787 | D:4      | XOM: cast spell 'Metabolic Englaciation'
  3959 | D:4      | XOM: divination: detect items
  4064 | D:4      | Reached skill level 1 in Evocations
  4064 | D:4      | Reached XP level 8. HP: 61/61 MP: 10/10
  4143 | D:5      | Entered Level 5 of the Dungeon
  4196 | D:5      | XOM: chaos cloud
  4202 | D:5      | Reached skill level 1 in Necromancy
  4220 | D:5      | Found a glowing drain.
  4240 | Sewer    | Entered a sewer
  4278 | Sewer    | Noticed Pargi
  4291 | Sewer    | Killed Pargi
  4292 | Sewer    | Reached skill level 1 in Conjurations
  4401 | D:5      | Found a staircase to the Ecumenical Temple.
  4413 | D:5      | Found a runed translucent door.
  4465 | D:5      | Noticed ooooo's ghost (novice OpCj)
  4472 | Temple   | Entered the Ecumenical Temple
  4499 | D:5      | XOM: enchant monster (good)
  4586 | D:5      | Found a white marble altar of Elyvilon.
  4589 | D:5      | Found a glowing silver altar of Zin.
  4597 | D:5      | Found a blossoming altar of Fedhas.
  4600 | D:5      | Found a shimmering altar of Xom.
  4738 | D:5      | Reached skill level 1 in Unarmed Combat
  4882 | D:5      | XOM: silly message
  4887 | D:5      | XOM: god gift: 4 gold pieces
  4942 | D:5      | Found Lununyif's Weapon Shoppe.
  4948 | D:5      | Bought a +1 broad axe of flaming for 156 gold pieces
  5153 | D:5      | Killed ooooo's ghost
  5154 | D:5      | Reached skill level 5 in Fighting
  5154 | D:5      | Reached skill level 5 in Axes
  5158 | D:5      | Reached XP level 9. HP: 64/68 MP: 10/12
  5185 | D:6      | XOM: god gift: 40 gold pieces
  5187 | D:5      | XOM: cleaving
  5210 | D:6      | XOM: divination: magic mapping
  5302 | D:6      | HP: 2/68 [poisoned by a water moccasin]
  5303 | D:6      | Succumbed to a water moccasin's poison

Illustrated notes

Levels and vault maps discovered:
D:1:      minmay_arrival_jagged, layout_loops_ring, nicolae_shop_vocational
D:2:      layout_basic, minmay_gold_behind_fungi
D:3:      layout_basic, minmay_misc_feat_diagonals, minmay_lizard_king
D:4:      lemuel_castle_with_subvaults [lemuel_castle_interior_carwin_2],
          layout_cave_pools, nicolae_uskayaw_en_pointe,
          nicolae_overflow_crystal_walls, corexii_checkpoint, uniq_grinder
D:5:      layout_loops_corners, grunt_temple_overflow_cloverleaf,
          minmay_temple_entry_drinking_statues, portal_sewer_entry_a,
          serial_shops, nicolae_shop_stone, ebering_ghost_sewer_d
D:6:      layout_rooms
Temple:   nicolae_temple_x_marks_the_god

Skill      XL: |  1  2  3  4  5  6  7  8  9 |
---------------+----------------------------+-----
Dodging        | 1 2 3 |  3.7
Armour         | 2 3 4 |  4.2
Polearms       | 1 2 3 |  3.6
Spellcasting   | 1 2 |  2.1
Stealth        | 1 2 |  2.3
Fighting       | 4 5 |  5.3
Axes           | 4 5 |  5.1
Alchemy        | 1 2 |  2.7
Evocations     | 1 2 |  2.3
Necromancy     | 1 |  1.8
Conjurations   | 1 |  1.5
Unarmed Combat | 1 |  1.5

Action                     |  1- 3 |  4- 6 |  7- 9 || total
---------------------------+-------+-------+-------++-------
  Melee: Hand axe          |    59 |    74 |   205 ||   338
         Dagger            |    10 |       |       ||    10
         Spear             |    61 |    88 |    70 ||   219
         Trident           |       |       |   208 ||   208
         Headbutt          |       |       |    37 ||    37
  Throw: Boomerang         |       |       |     3 ||     3
  Evoke: Wand              |       |       |     2 ||     2
    Use: Potion            |       |     4 |     5 ||     9
         Scroll            |       |     1 |    14 ||    15
   Stab: Sleeping          |     5 |     2 |     1 ||     8
         Paralysed         |       |     5 |     2 ||     7
         Confused          |       |     3 |       ||     3
 Armour: Leather armour    |    29 |    31 |    87 ||   147
         Skin              |       |     6 |       ||     6
         Chain mail        |       |       |   186 ||   186
  Dodge: Dodged            |    30 |    38 |   134 ||   202
         Repelled          |       |       |    10 ||    10

Table legend: (Time is in decaauts)
 A = Elapsed time spent in this place.
 B = Non-inter-level travel time spent in this place.
 C = Inter-level travel time spent in this place.
 D = Time resting spent in this place.
 E = Time spent auto-exploring this place.
 F = Levels seen in this place.
 G = Mean time per level.
                   A        B        C        D        E       F      G
               +--------+--------+--------+--------+--------+-----+--------+
         Total |   5366 |   5133 |    233 |    456 |   3555 |   8 |  670.8 |
       Dungeon |   5214 |   4982 |    232 |    456 |   3457 |   6 |  869.0 |
        Temple |      1 |      1 |      0 |      0 |      0 |   1 |    1.0 |
         Sewer |    150 |    150 |      0 |      0 |     97 |   1 |  150.0 |
               +--------+--------+--------+--------+--------+-----+--------+

Top non-repeatable levels by time:
     D:4: 1656 daAuts
     D:3: 1095 daAuts
     D:5: 925 daAuts
     D:1: 809 daAuts
     D:2: 618 daAuts
   Sewer: 150 daAuts
     D:6: 109 daAuts
  Temple: 1 daAuts
